[Event "Titled Tuesday Blitz May 16 Late 2023"]
[White "Bjelobrk, Igor"]
[Black "Vaglio Munoz, Jaime"]
[WhiteFideId "4300726"]
[BlackFideId "6500145"]
[WhiteElo "2319"]
[BlackElo "2199"]
[Result "1/2-1/2"]
[Round "09"]
[TimeControl "180+2"]
[Date "2023.05.16"]
[WhiteClock "0:00:16"]
[BlackClock "0:00:39"]

1. d4 c6 2. c4 b5 3. cxb5 cxb5 4. e4 Bb7 5. f3 a6 6. a4 b4 7. Be3 e6 8. Nd2 Nf6 9. Nh3 Be7 10. Be2 O-O 11. O-O a5 12. Nb3 Ba6 13. Rf2 Bxe2 14. Rxe2 d5 15. e5 Nfd7 16. Rc2 Na6 17. Nf2 f6 18. f4 fxe5 19. fxe5 Bg5 20. Qd2 Bxe3 21. Qxe3 Rf5 22. Nd3 Nf8 23. Rc6 Nb8 24. Rd6 Qe8 25. Ndc5 h5 26. Rf1 Rxf1+ 27. Kxf1 Ra7 28. Kg1 Rf7 29. Nxa5 Rf5 30. Nab3 Nc6 31. h3 Nd8 32. a5 Qb5 33. a6 Nf7 34. a7 Qf1+ 35. Kh2 Rf2 36. Qg3 h4 37. Qxf2 Qxf2 38. a8=Q Qg3+ 39. Kg1 Qe1+ 40. Kh2 Qg3+ 41. Kg1 Qe1+ 42. Kh2 Qg3+ 1/2-1/2


[Site "https://www.chess.com"]

[Event "Titled Tuesday Blitz May 16 Late 2023"]
[White "Janaszak, Dawid"]
[Black "Goswami, Vedant"]
[WhiteFideId "1119206"]
[BlackFideId "5003725"]
[WhiteElo "2220"]
[BlackElo "2011"]
[Result "0-1"]
[Round "09"]
[TimeControl "180+2"]
[Date "2023.05.16"]
[WhiteClock "0:01:07"]
[BlackClock "0:00:01"]

1. d4 Nf6 2. Bg5 h6 3. Bxf6 exf6 4. e4 d6 5. Nc3 g6 6. Qd2 Bg7 7. O-O-O a6 8. f4 Nc6 9. Nf3 Bg4 10. h3 Bxf3 11. gxf3 h5 12. Kb1 Bh6 13. d5 Ne5 14. Qh2 Nd7 15. e5 fxe5 16. fxe5 Nxe5 17. f4 Nd7 18. Re1+ Kf8 19. Ne4 Kg7 20. f5 Ne5 21. Bg2 Qh4 22. Rhf1 Rae8 23. fxg6 fxg6 24. Rd1 Rhf8 25. Qg1 Kh7 26. a3 Bg7 27. Qe3 Kh8 28. Qb3 b5 29. c3 Nc4 30. Qc2 Rxf1 31. Rxf1 Rxe4 32. Bxe4 Qxe4 33. Qxe4 Nd2+ 34. Kc2 Nxe4 35. Rf7 Ng5 36. Rxc7 Nxh3 37. Rc6 Be5 38. Rxa6 Nf4 39. c4 bxc4 40. a4 h4 41. Ra8+ Kg7 42. Ra7+ Kh6 43. a5 h3 44. a6 h2 45. Rb7 h1=Q 46. a7 Qg2+ 47. Kb1 Qf1+ 48. Ka2 c3 49. a8=Q cxb2 50. Qa4 Qa1+ 51. Kb3 b1=Q+ 52. Kc4 Qc3# 0-1


[Site "https://www.chess.com"]

[Event "Titled Tuesday Blitz May 16 Late 2023"]
[White "Szente Varga, Fruzsina"]
[Black "Jovic, Stanoje"]
[WhiteFideId "712264"]
[BlackFideId "905020"]
[WhiteElo "1994"]
[BlackElo "2236"]
[Result "0-1"]
[Round "09"]
[TimeControl "180+2"]
[Date "2023.05.16"]
[WhiteClock "0:00:11"]
[BlackClock "0:01:11"]

1. e4 c6 2. d4 d5 3. Nc3 dxe4 4. Nxe4 Nf6 5. Nxf6+ exf6 6. c3 Bd6 7. Bd3 O-O 8. Ne2 Qc7 9. Qc2 h6 10. Bd2 Re8 11. O-O-O c5 12. dxc5 Bxc5 13. f3 Nc6 14. Ng3 Ne5 15. Bh7+ Kh8 16. Be4 Nc4 17. Qa4 Be6 18. Kb1 b5 19. Qc2 Qa5 20. a3 Bxa3 21. Bc1 Bf8 22. Bd5 b4 23. Bxe6 Rxe6 24. Rd4 Rc8 25. Nf5 b3 26. Qxb3 Qxf5+ 0-1


[Site "https://www.chess.com"]

[Event "Titled Tuesday Blitz May 16 Late 2023"]
[White "Celestino, Rafael Teixeira"]
[Black "Vega Gutierrez, Sabrina"]
[WhiteFideId "2108925"]
[BlackFideId "2219026"]
[WhiteElo "2335"]
[BlackElo "2209"]
[Result "1/2-1/2"]
[Round "09"]
[TimeControl "180+2"]
[Date "2023.05.16"]
[WhiteClock "0:00:08"]
[BlackClock "0:00:02"]

1. e4 c5 2. Nf3 Nc6 3. d4 cxd4 4. Nxd4 Nf6 5. Nc3 e5 6. Ndb5 d6 7. Bg5 a6 8. Na3 b5 9. Bxf6 gxf6 10. Nd5 Bg7 11. c3 f5 12. f3 fxe4 13. fxe4 Qh4+ 14. Kd2 O-O 15. Bd3 b4 16. cxb4 Bh6+ 17. Kc3 Be6 18. Nc2 Rac8 19. Kb3 f5 20. Qf3 Bxd5+ 21. exd5 Nd4+ 22. Nxd4 Qxd4 23. Bxa6 e4 24. Qg3+ Bg7 25. Bxc8 Qxb2+ 26. Ka4 Rxc8 27. Qxd6 Qc2+ 28. Kb5 Qc4+ 29. Kb6 Bf8 30. Qe6+ Kh8 31. Qe5+ Bg7 32. Qd6 e3 33. Rac1 Qd4+ 34. Kb7 Rg8 35. Rc8 e2 36. Rxg8+ Kxg8 37. Qe6+ Kf8 38. Qd6+ Kf7 39. Qe6+ Kf8 40. Qd6+ Kf7 41. Qe6+ Kf8 1/2-1/2


[Site "https://www.chess.com"]

[Event "Titled Tuesday Blitz May 16 Late 2023"]
[White "merinasian"]
[Black "Rose, Felix"]
[BlackFideId "5105722"]
[WhiteElo "2429"]
[BlackElo "2039"]
[Result "1-0"]
[Round "09"]
[TimeControl "180+2"]
[Date "2023.05.16"]
[WhiteClock "0:00:48"]
[BlackClock "0:00:34"]

1. d4 d5 2. Nf3 Nf6 3. g3 b5 4. Bg2 Bb7 5. O-O e6 6. a4 b4 7. c4 c5 8. Bg5 dxc4 9. Nbd2 c3 10. bxc3 bxc3 11. Qb3 Bd5 12. Qxc3 cxd4 13. Nxd4 Bxg2 14. Kxg2 Qd5+ 15. N2f3 Be7 16. Nb5 Na6 17. Rfd1 Qb7 18. Bxf6 Bxf6 19. Nd6+ Ke7 20. Qxf6+ gxf6 21. Nxb7 Rab8 22. Na5 Rhc8 23. Rac1 Nb4 24. Nd4 Rxc1 25. Rxc1 Rb6 26. Nac6+ Nxc6 27. Nxc6+ Kd6 28. Nxa7 Ra6 29. Nb5+ Kd7 30. Rc7+ Kd8 31. Ra7 1-0


[Site "https://www.chess.com"]

[Event "Titled Tuesday Blitz May 16 Late 2023"]
[White "Fan_Of_Chucky"]
[Black "Kostiukov, Alexandr"]
[BlackFideId "14108100"]
[WhiteElo "2424"]
[BlackElo "2202"]
[Result "1-0"]
[Round "09"]
[TimeControl "180+2"]
[Date "2023.05.16"]
[WhiteClock "0:01:24"]
[BlackClock "0:00:48"]

1. d4 g6 2. c4 Bg7 3. Nc3 d6 4. e4 e5 5. d5 f5 6. exf5 gxf5 7. Qh5+ Kf8 8. Bd3 Nf6 9. Qg5 e4 10. Be2 Qe7 11. Nh3 Na6 12. Nf4 Nxd5 13. Nfxd5 Qxg5 14. Bxg5 c6 15. Ne3 Be6 16. O-O-O 1-0


[Site "https://www.chess.com"]

[Event "Titled Tuesday Blitz May 16 Late 2023"]
[White "Novikova, Galina"]
[Black "Alexikov, Alexander"]
[WhiteFideId "4157095"]
[BlackFideId "14103958"]
[WhiteElo "1953"]
[BlackElo "2186"]
[Result "0-1"]
[Round "09"]
[TimeControl "180+2"]
[Date "2023.05.16"]
[WhiteClock "0:00:00"]
[BlackClock "0:00:18"]

1. e4 c5 2. Nf3 d6 3. d4 Nf6 4. Nc3 cxd4 5. Nxd4 a6 6. Rg1 h5 7. h3 h4 8. Be3 b5 9. f3 Bb7 10. Qd2 Nbd7 11. O-O-O e6 12. Kb1 Be7 13. Bf2 Rc8 14. Qe1 Nh5 15. Qd2 g5 16. Be3 Ne5 17. f4 gxf4 18. Bxf4 Nxf4 19. Qxf4 Rxc3 20. bxc3 Qc7 21. Qe3 Rg8 22. g4 hxg3 23. Rxg3 Rxg3 24. Qxg3 Bxe4 25. Nb3 Bf3 26. Re1 Qxc3 27. Qf2 Bg5 28. h4 Bf4 29. h5 Nc4 30. Bxc4 bxc4 31. Rf1 Be4 0-1


[Site "https://www.chess.com"]

[Event "Titled Tuesday Blitz May 16 Late 2023"]
[White "Georg, Heinz"]
[Black "Martin Barcelo, Carles"]
[WhiteFideId "4607295"]
[BlackFideId "24561444"]
[WhiteElo "2311"]
[BlackElo "2089"]
[Result "1-0"]
[Round "09"]
[TimeControl "180+2"]
[Date "2023.05.16"]
[WhiteClock "0:00:13"]
[BlackClock "0:00:09"]

1. c4 g6 2. Nc3 Bg7 3. d4 Nf6 4. e4 O-O 5. f4 c5 6. d5 d6 7. Nf3 e6 8. Bd3 exd5 9. cxd5 b5 10. e5 dxe5 11. Bxb5 e4 12. Ne5 Nbd7 13. O-O Nxe5 14. fxe5 Ng4 15. e6 Bd4+ 16. Kh1 Qh4 17. Bf4 fxe6 18. Bg3 Nf2+ 19. Rxf2 Qd8 20. Rxf8+ Qxf8 21. d6 Bb7 22. Qf1 Qg7 23. d7 a6 24. Ba4 e5 25. Qc4+ Kh8 26. Rf1 e3 27. Qe6 Rd8 28. Qe8+ Qg8 29. Qxg8+ Rxg8 30. Bh4 g5 31. Bxg5 Bxc3 32. Bf6+ Rg7 33. d8=R# 1-0


[Site "https://www.chess.com"]

[Event "Titled Tuesday Blitz May 16 Late 2023"]
[White "De Souza, Cristiano Gomes"]
[Black "reevecanada"]
[WhiteFideId "2151758"]
[WhiteElo "2068"]
[BlackElo "2391"]
[Result "0-1"]
[Round "09"]
[TimeControl "180+2"]
[Date "2023.05.16"]
[WhiteClock "0:00:09"]
[BlackClock "0:00:57"]

1. d3 c5 2. Nf3 Nf6 3. g3 d6 4. Bg2 h5 5. O-O e6 6. c4 Be7 7. Nc3 Nc6 8. a3 h4 9. Nxh4 Rxh4 10. gxh4 Nd7 11. Rb1 Bxh4 12. b4 Nd4 13. e3 Nf5 14. Ne4 Qc7 15. Bb2 g6 16. Qe2 Rb8 17. Ng3 b6 18. e4 Nd4 19. Bxd4 cxd4 20. f4 Bb7 21. Qg4 Bf6 22. f5 Ne5 23. Qe2 Ke7 24. fxg6 fxg6 25. Rf2 Bg5 26. Kh1 Rh8 27. Rbf1 Ke8 28. Bf3 Bf4 29. Rg2 Bc8 30. Qd1 Qh7 31. Rff2 Qh4 32. Nf1 g5 33. Qa4+ Bd7 34. Qxa7 Nxd3 35. Rc2 Ne1 36. Qxb6 Nxf3 37. e5 Bxe5 38. Qb7 g4 39. Nd2 Qxh2+ 0-1


[Site "https://www.chess.com"]

[Event "Titled Tuesday Blitz May 16 Late 2023"]
[White "Cooklev, Steven"]
[Black "Xia, Brandon"]
[WhiteFideId "2050552"]
[BlackFideId "30921880"]
[WhiteElo "2294"]
[BlackElo "1924"]
[Result "1-0"]
[Round "09"]
[TimeControl "180+2"]
[Date "2023.05.16"]
[WhiteClock "0:00:22"]
[BlackClock "0:00:44"]

1. e4 g6 2. d4 Bg7 3. Nf3 d6 4. Bc4 Nf6 5. Qe2 O-O 6. O-O Nc6 7. h3 e5 8. dxe5 Nxe5 9. Nxe5 dxe5 10. Rd1 Qe7 11. Bg5 Be6 12. Nd2 Rfd8 13. Bb3 c6 14. Nf3 Bxb3 15. axb3 Qc5 16. c3 h6 17. Be3 Qb5 18. Rxd8+ Rxd8 19. Qxb5 cxb5 20. Rxa7 Nxe4 21. Rxb7 f5 22. Rxb5 Rd1+ 23. Kh2 Rb1 24. Nxe5 Rxb2 25. Nxg6 Nxc3 26. Rxf5 Rxb3 27. Ne7+ Kh7 28. Rf7 Ne2 29. Nf5 Kg6 30. Rxg7+ Kxf5 31. Bxh6 Nd4 32. Be3 Ne6 33. Ra7 Rb5 34. g4+ Kf6 35. Kg3 Rb1 36. h4 Nf8 37. g5+ Kg6 38. Ra6+ Kh7 39. h5 Rg1+ 40. Kf4 Rh1 41. Ra7+ Kg8 42. Kg4 Rg1+ 43. Kf5 Rh1 44. h6 Rh3 45. Bc5 Nh7 46. Ra8+ Kf7 47. g6# 1-0


[Site "https://www.chess.com"]

[Event "Titled Tuesday Blitz May 16 Late 2023"]
[White "Magallanes, Rey Jomar"]
[Black "Arnold, Ken"]
[WhiteFideId "5205948"]
[BlackFideId "2056836"]
[WhiteElo "2275"]
[BlackElo "2380"]
[Result "1-0"]
[Round "09"]
[TimeControl "180+2"]
[Date "2023.05.16"]
[WhiteClock "0:00:19"]
[BlackClock "0:00:00"]

1. e4 c6 2. d4 d5 3. e5 Bf5 4. h4 h5 5. Nf3 e6 6. Bd3 Bg4 7. Bg5 Be7 8. Nbd2 Nh6 9. Qe2 Nd7 10. O-O-O Nb6 11. Qe3 Nf5 12. Qf4 f6 13. exf6 gxf6 14. Bxf5 Bxf5 15. Bh6 Bd6 16. Qe3 Qc7 17. Bg7 Qxg7 18. Kb1 O-O-O 19. Rdg1 e5 20. dxe5 fxe5 21. Ng5 e4 22. f3 d4 23. Qb3 e3 24. Nde4 Bxe4 25. fxe4 Rhe8 26. Ne6 Qg8 27. Nxd8 Qxb3 28. axb3 Kxd8 29. g4 hxg4 30. Rxg4 Nd7 31. Kc1 Nf6 32. Rg6 Nxe4 33. h5 Ng3 34. Re1 Bf4 35. h6 e2+ 36. Kb1 Rh8 37. Rg4 Bd2 38. Rxd4+ Kc7 39. Rxd2 Rxh6 40. Rg1 Rf6 41. Re1 a5 42. c3 b5 43. Kc2 Rf3 44. Rd3 1-0


[Site "https://www.chess.com"]

[Event "Titled Tuesday Blitz May 16 Late 2023"]
[White "ArchibaldCerveza29"]
[Black "Florianovitz, Derlei Alex"]
[BlackFideId "2114178"]
[WhiteElo "2372"]
[BlackElo "1953"]
[Result "1/2-1/2"]
[Round "09"]
[TimeControl "180+2"]
[Date "2023.05.16"]
[WhiteClock "0:00:16"]
[BlackClock "0:00:16"]

1. d4 Nf6 2. c4 e6 3. Nc3 Bb4 4. f3 d5 5. a3 Bxc3+ 6. bxc3 O-O 7. e3 Re8 8. cxd5 exd5 9. Bd3 c5 10. Ne2 Nc6 11. O-O cxd4 12. cxd4 h5 13. Ra2 b6 14. Rc2 Na5 15. Bb2 Bd7 16. Qc1 Rc8 17. Rxc8 Qxc8 18. Qxc8 Bxc8 19. Kf2 g5 20. Rc1 h4 21. Rc7 Bb7 22. a4 Rc8 23. Re7 Bc6 24. Bf5 Re8 25. Rxa7 Bxa4 26. Ra6 Bd7 27. Rxb6 Bxf5 28. Rxf6 Be6 29. e4 Kg7 30. e5 Nc4 31. Bc1 g4 32. Bg5 gxf3 33. gxf3 h3 34. Ng3 Ra8 35. Nh5+ Kh7 36. Rh6+ Kg8 37. Bf6 Ra2+ 38. Kg3 Rg2+ 39. Kf4 Kf8 40. Rh8+ Rg8 41. Bg7+ Ke7 42. Rxg8 Nb2 43. Bf6+ Kd7 44. Rd8+ Kc6 45. Rd6+ Kc7 46. Bd8+ Kc8 47. Ng7 Nc4 48. Nxe6 Nxd6 49. exd6 fxe6 50. Be7 Kd7 51. Ke5 Ke8 52. Kxe6 1/2-1/2


[Site "https://www.chess.com"]

[Event "Titled Tuesday Blitz May 16 Late 2023"]
[White "Slavin, Alexey"]
[Black "Torres Dominguez, David"]
[WhiteFideId "24104388"]
[BlackFideId "2220857"]
[WhiteElo "2264"]
[BlackElo "1999"]
[Result "1/2-1/2"]
[Round "09"]
[TimeControl "180+2"]
[Date "2023.05.16"]
[WhiteClock "0:02:30"]
[BlackClock "0:01:55"]

1. e4 Nc6 2. Nc3 e5 3. Bb5 Bc5 4. Nge2 Qh4 5. O-O Nf6 6. d3 Ng4 7. h3 Nxf2 8. Rxf2 Qxf2+ 9. Kh1 d6 10. Nd5 Bxh3 11. gxh3 Qf3+ 12. Kh2 Qf2+ 13. Kh1 Qf3+ 14. Kh2 Qf2+ 15. Kh1 1/2-1/2


[Site "https://www.chess.com"]

[Event "Titled Tuesday Blitz May 16 Late 2023"]
[White "Carrasco Miranda, Andres"]
[Black "dorpato"]
[WhiteFideId "3405990"]
[WhiteElo "2183"]
[BlackElo "2038"]
[Result "1-0"]
[Round "09"]
[TimeControl "180+2"]
[Date "2023.05.16"]
[WhiteClock "0:00:42"]
[BlackClock "0:00:08"]

1. d4 Nf6 2. c4 g6 3. g3 d5 4. cxd5 Qxd5 5. Nf3 Bg7 6. Nc3 Qd8 7. Bg2 c6 8. O-O O-O 9. h3 Nbd7 10. e4 Nb6 11. b3 Bd7 12. Be3 Qc8 13. Kh2 Ne8 14. Qd2 Nc7 15. Rac1 Qd8 16. Rfd1 Nc8 17. Bh6 Nd6 18. Bxg7 Kxg7 19. Ne5 Be6 20. d5 cxd5 21. exd5 Bf5 22. Qd4 Kg8 23. Qf4 Ncb5 24. Nxb5 Nxb5 25. Qh6 Rc8 26. Nf3 f6 27. Nh4 Bd7 28. Nxg6 Rf7 29. Nf4 Rxc1 30. Rxc1 Nd6 31. Ne6 Qe8 32. a4 b6 33. Rc7 Nf5 34. Qc1 a6 35. Rb7 b5 36. a5 Bxe6 37. dxe6 Rf8 38. Qf4 Nd6 39. Rd7 Qg6 40. Rxd6 exd6 41. Qxd6 Re8 42. Bd5 Kh8 43. Qd7 Rf8 44. e7 Re8 45. Bc6 Ra8 46. e8=Q+ Rxe8 47. Qxe8+ Qxe8 48. Bxe8 Kg7 49. Bxb5 1-0


[Site "https://www.chess.com"]

[Event "Titled Tuesday Blitz May 16 Late 2023"]
[White "Fishbein, Mitch"]
[Black "Hoffmann, Asa"]
[WhiteFideId "30922917"]
[BlackFideId "2001470"]
[WhiteElo "1964"]
[BlackElo "2117"]
[Result "1-0"]
[Round "09"]
[TimeControl "180+2"]
[Date "2023.05.16"]
[WhiteClock "0:00:11"]
[BlackClock "0:00:34"]

1. e4 d6 2. d4 Nf6 3. Bd3 e5 4. c3 Nc6 5. Nf3 Bg4 6. dxe5 dxe5 7. O-O Bc5 8. a4 a6 9. Qe2 Qe7 10. b4 Ba7 11. Nbd2 O-O 12. Nc4 Rfd8 13. Bc2 Rd7 14. b5 Nb8 15. Ne3 Bxf3 16. Qxf3 g6 17. Bb3 Kg7 18. g4 h6 19. h4 c6 20. Kg2 Bc5 21. Bb2 axb5 22. axb5 Rxa1 23. Rxa1 cxb5 24. Nd5 Nxd5 25. Bxd5 Nc6 26. Kg3 Qf6 27. Bc1 Qxf3+ 28. Kxf3 b4 29. cxb4 Nxb4 30. Bb2 Nxd5 31. Bxe5+ f6 32. exd5 fxe5 33. Ke4 Bd4 34. Rb1 Kf7 35. f4 Kf6 36. g5+ hxg5 37. hxg5+ Ke7 38. fxe5 Bc5 39. Rh1 Kd8 40. Rh6 Rg7 41. d6 Kd7 42. Kd5 Be3 43. e6+ Ke8 44. Rh8+ 1-0


[Site "https://www.chess.com"]

[Event "Titled Tuesday Blitz May 16 Late 2023"]
[White "Ollier, Pablo"]
[Black "Marcziter, Dmitrii"]
[WhiteFideId "652318"]
[BlackFideId "13900765"]
[WhiteElo "2477"]
[BlackElo "2162"]
[Result "0-1"]
[Round "09"]
[TimeControl "180+2"]
[Date "2023.05.16"]
[WhiteClock "0:00:04"]
[BlackClock "0:01:11"]

1. d4 Nf6 2. c4 g6 3. Nc3 Bg7 4. e4 d6 5. Nf3 O-O 6. Be2 Na6 7. Bf4 c5 8. d5 Nh5 9. Bg5 h6 10. Be3 e6 11. O-O Re8 12. Qd2 Kh7 13. dxe6 Bxe6 14. Rad1 Qb6 15. b3 Rad8 16. Bd3 Nb4 17. Bb1 Nc6 18. h3 Nf6 19. Nd5 Bxd5 20. exd5 Ne5 21. Nxe5 Rxe5 22. f4 Re7 23. f5 g5 24. h4 Rde8 25. Bxg5 hxg5 26. hxg5 Kg8 27. gxf6 Bxf6 28. Qh6 Bg7 29. Qh5 Re5 30. Rd3 Qd8 31. Rh3 Qf6 32. Qg4 Re3 33. Rh5 Re1 34. Bd3 R8e3 35. Rxe1 Rxe1+ 36. Bf1 Qd4+ 37. Qxd4 Bxd4+ 38. Kh2 Rxf1 0-1


[Site "https://www.chess.com"]

[Event "Titled Tuesday Blitz May 16 Late 2023"]
[White "Prydun, Andriy"]
[Black "Kujawski, Adam"]
[WhiteFideId "14145898"]
[BlackFideId "1100920"]
[WhiteElo "2164"]
[BlackElo "2054"]
[Result "0-1"]
[Round "09"]
[TimeControl "180+2"]
[Date "2023.05.16"]
[WhiteClock "0:00:42"]
[BlackClock "0:00:38"]

1. e4 e5 2. Nf3 Nc6 3. Nc3 Nf6 4. Bb5 Bb4 5. O-O O-O 6. d3 Bxc3 7. bxc3 d6 8. g3 Bd7 9. Nh4 Ne7 10. Bc4 d5 11. exd5 Nexd5 12. Bd2 h6 13. Re1 Re8 14. Qf3 Bc6 15. Qe2 Qd7 16. Bb3 Qh3 17. f3 Nf4 18. Ng2 Nxe2+ 19. Rxe2 Bxf3 0-1


[Site "https://www.chess.com"]

[Event "Titled Tuesday Blitz May 16 Late 2023"]
[White "ibove"]
[Black "Ziatdinov, Raset"]
[BlackFideId "2015323"]
[WhiteElo "2278"]
[BlackElo "2220"]
[Result "0-1"]
[Round "09"]
[TimeControl "180+2"]
[Date "2023.05.16"]
[WhiteClock "0:00:27"]
[BlackClock "0:00:43"]

1. d4 Nf6 2. Nf3 g6 3. Bg5 Bg7 4. e3 h6 5. Bh4 O-O 6. Nbd2 d6 7. Be2 Nc6 8. Bg3 Nh5 9. c3 Nxg3 10. hxg3 e5 11. dxe5 dxe5 12. Nc4 Be6 13. O-O Qe7 14. Qc2 Rfd8 15. Rfd1 f5 16. Nh4 Kh7 17. b4 e4 18. b5 Ne5 19. Nxe5 Bxe5 20. f4 Bf6 21. Kf2 g5 22. fxg5 hxg5 23. Nxf5 Bxf5 24. Rh1+ Kg7 25. Rh5 Bg6 26. Rh3 Rf8 27. Kg1 Qe5 28. Rd1 Rf7 29. Bc4 Re7 30. Bd5 c6 31. bxc6 bxc6 32. Bxc6 Rc8 33. Bd5 Qxc3 34. Qf2 Qc2 35. Rd2 Qb1+ 36. Kh2 Rf8 37. Qe2 Qb8 38. Qg4 Rh8 39. Bb3 Rxh3+ 40. Qxh3 Qb6 41. Rd8 Qxd8 0-1


[Site "https://www.chess.com"]

[Event "Titled Tuesday Blitz May 16 Late 2023"]
[White "mjelcic"]
[Black "Mazurkiewicz, Michal"]
[BlackFideId "1124943"]
[WhiteElo "2266"]
[BlackElo "2054"]
[Result "0-1"]
[Round "09"]
[TimeControl "180+2"]
[Date "2023.05.16"]
[WhiteClock "0:00:17"]
[BlackClock "0:00:16"]

1. c4 Nf6 2. Nc3 g6 3. g3 Bg7 4. Bg2 O-O 5. Nf3 d6 6. O-O c5 7. d3 Nc6 8. Rb1 Rb8 9. a3 b6 10. b4 Bb7 11. Bd2 e6 12. b5 Nd4 13. e3 Nxf3+ 14. Bxf3 d5 15. cxd5 Nxd5 16. Nxd5 Bxd5 17. e4 Bb7 18. Bf4 Rc8 19. Qb3 Qd7 20. Rfd1 Rfd8 21. Be3 Bd4 22. Bg5 f6 23. Be3 Kg7 24. a4 e5 25. Kg2 h5 26. h4 Rc7 27. Qc4 Bc8 28. Bxd4 Qh3+ 29. Kg1 Rxd4 30. Qc2 Be6 31. Bg2 Qg4 32. Kh2 Bc8 33. Rbc1 Qe6 34. Ra1 g5 35. Qe2 gxh4 36. Qxh5 hxg3+ 37. Kxg3 Kf8 38. Qh8+ Ke7 39. Bh3 Qxh3+ 40. Qxh3 Bxh3 41. Kxh3 Rcd7 42. Ra3 c4 43. Kg2 cxd3 44. Rd2 Rxe4 45. Rdxd3 Rxd3 46. Rxd3 Rxa4 47. Rc3 Ke6 48. Rc6+ Kf5 49. Rc7 Ra5 50. Kf3 Rxb5 51. Rxa7 Rb3+ 52. Kg2 b5 53. Re7 b4 54. Kf1 Rb2 55. Ke1 b3 56. Rf7 Ra2 57. Rb7 b2 58. Kf1 Ra1+ 59. Kg2 b1=R 0-1


[Site "https://www.chess.com"]

[Event "Titled Tuesday Blitz May 16 Late 2023"]
[White "Horokoskii"]
[Black "K2JW"]
[WhiteElo "2167"]
[BlackElo "2371"]
[Result "0-1"]
[Round "09"]
[TimeControl "180+2"]
[Date "2023.05.16"]
[WhiteClock "0:00:55"]
[BlackClock "0:00:34"]

1. d4 Nf6 2. c4 e6 3. Nf3 d5 4. g3 Be7 5. Bg2 O-O 6. O-O c6 7. Nbd2 b6 8. Qc2 Bb7 9. Rd1 Nbd7 10. e4 c5 11. cxd5 exd5 12. e5 Ne4 13. Nxe4 dxe4 14. Nd2 cxd4 15. Bxe4 Bxe4 16. Qxe4 Nc5 17. Qg4 f5 18. Qf3 f4 19. Qg4 fxg3 20. hxg3 Qd5 21. b4 Nd3 22. Nb3 Nxf2 23. Qxd4 Qh1# 0-1


[Site "https://www.chess.com"]

[Event "Titled Tuesday Blitz May 16 Late 2023"]
[White "Levar, Nenad"]
[Black "mohsengabr2002"]
[WhiteFideId "14504430"]
[WhiteElo "2095"]
[BlackElo "2355"]
[Result "0-1"]
[Round "09"]
[TimeControl "180+2"]
[Date "2023.05.16"]
[WhiteClock "0:01:10"]
[BlackClock "0:00:58"]

1. d4 g6 2. c3 Bg7 3. g3 d6 4. Bg2 h5 5. h3 e5 6. e3 Nc6 7. Ne2 f5 8. O-O h4 9. Kh2 hxg3+ 10. fxg3 e4 11. Nf4 Qf6 12. Kg1 Nge7 13. h4 Be6 14. Nd2 Bf7 15. c4 g5 16. hxg5 Qxg5 17. Kf2 Nxd4 18. exd4 Bxd4+ 19. Ke2 Qxg3 20. Nb3 Bxc4+ 21. Kd2 Bxf1 22. Qxf1 Be5 23. Kc2 Rh2 24. Bd2 Bxf4 25. Qxf4 Qxf4 26. Bxf4 Rxg2+ 27. Kc3 Nd5+ 0-1


[Site "https://www.chess.com"]

[Event "Titled Tuesday Blitz May 16 Late 2023"]
[White "Howell, David W L"]
[Black "Milovic, Aleksandra"]
[WhiteFideId "410608"]
[BlackFideId "933988"]
[WhiteElo "2567"]
[BlackElo "2000"]
[Result "1-0"]
[Round "09"]
[TimeControl "180+2"]
[Date "2023.05.16"]
[WhiteClock "0:02:01"]
[BlackClock "0:00:30"]

1. e4 e5 2. Nf3 Nf6 3. Nxe5 d6 4. Nf3 Nxe4 5. c4 d5 6. Nc3 Nxc3 7. dxc3 Be6 8. Ng5 dxc4 9. Qxd8+ Kxd8 10. Nxe6+ fxe6 11. Bxc4 Ke7 12. Bf4 Nd7 13. O-O-O e5 14. Rhe1 g6 15. Bg5+ Ke8 16. Be6 Nb6 17. Rxe5 Bg7 18. Re4 Kf8 19. Rf4+ Ke8 20. Bf7+ Kf8 21. Bxg6+ Kg8 22. Bf7+ Kf8 23. Bb3+ Ke8 24. Re4+ Kf8 25. Be7+ Ke8 26. Ba3+ Be5 27. Rxe5# 1-0


[Site "https://www.chess.com"]

[Event "Titled Tuesday Blitz May 16 Late 2023"]
[White "Kowalysko, Roman"]
[Black "Hnydiuk, Aleksander"]
[WhiteFideId "30918510"]
[BlackFideId "1109057"]
[WhiteElo "2192"]
[BlackElo "2374"]
[Result "1-0"]
[Round "09"]
[TimeControl "180+2"]
[Date "2023.05.16"]
[WhiteClock "0:01:18"]
[BlackClock "0:00:00"]

1. e4 c6 2. Nf3 d5 3. exd5 cxd5 4. Ne5 Nf6 5. d4 Bf5 6. Qf3 e6 7. Bb5+ Nbd7 8. Nc3 Bb4 9. O-O O-O 10. Nxd7 Nxd7 11. Nxd5 Bd6 12. Ne3 Bg6 13. Nc4 Bc7 14. c3 Nf6 15. Ne5 a6 16. Bc4 Be4 17. Qg3 b5 18. Be2 Nd7 19. Bh6 Bg6 20. Bf4 Nxe5 21. Bxe5 1-0


[Site "https://www.chess.com"]

[Event "Titled Tuesday Blitz May 16 Late 2023"]
[White "Fuentes Godoy, Lilia Ivonne"]
[Black "Seletsky, Grigory"]
[WhiteFideId "5104130"]
[BlackFideId "14112191"]
[WhiteElo "2096"]
[BlackElo "2491"]
[Result "0-1"]
[Round "09"]
[TimeControl "180+2"]
[Date "2023.05.16"]
[WhiteClock "0:00:00"]
[BlackClock "0:01:09"]

1. d4 c5 2. d5 e5 3. c4 d6 4. Nc3 g6 5. e4 Bg7 6. Bd3 Ne7 7. Nge2 O-O 8. O-O f5 9. f4 Nd7 10. Kh1 a6 11. a4 exf4 12. Bxf4 Ne5 13. Ng3 fxe4 14. Ncxe4 Nf5 15. Bg5 Qc7 16. Be2 Bd7 17. Qd2 Rae8 18. Nxf5 Bxf5 19. Ng3 Qd7 20. Nxf5 Rxf5 21. Rxf5 Qxf5 22. Rf1 Qe4 23. b3 Nf7 24. Bd3 Qd4 25. Bf4 Be5 26. Bxe5 Nxe5 27. Re1 Rf8 28. Rd1 Qxd3 0-1


[Site "https://www.chess.com"]

[Event "Titled Tuesday Blitz May 16 Late 2023"]
[White "Winkels, Marcel"]
[Black "Mikhalsky, Vladimir"]
[WhiteFideId "1003887"]
[BlackFideId "14144352"]
[WhiteElo "1900"]
[BlackElo "2236"]
[Result "0-1"]
[Round "09"]
[TimeControl "180+2"]
[Date "2023.05.16"]
[WhiteClock "0:00:00"]
[BlackClock "0:00:52"]

1. d4 Nf6 2. Nc3 g6 3. e4 d6 4. f4 Bg7 5. Nf3 O-O 6. Be2 c5 7. dxc5 Qa5 8. O-O Qxc5+ 9. Kh1 Ng4 10. Qe1 Bxc3 11. bxc3 Ne3 12. Bxe3 Qxe3 13. Bd3 Qxe1 14. Rfxe1 Bg4 15. Rab1 b6 16. Nd4 e5 17. Nb5 Nc6 18. Nxd6 exf4 19. e5 Rad8 20. Ne4 Kg7 21. Nf6 Nxe5 22. Rxe5 Kxf6 23. Rbe1 f3 24. R5e4 fxg2+ 25. Kxg2 Be6 26. R1e2 Bd5 27. Kf3 Bxe4+ 28. Bxe4 Rfe8 29. Rf2 Kg7 30. Bd3 f5 31. Kf4 Kf6 32. h4 h6 33. Rg2 Rg8 34. Rg1 g5+ 35. hxg5+ hxg5+ 36. Kf3 Rh8 37. Kg3 Rde8 38. Rf1 Re3+ 39. Kg2 f4 40. c4 Ke5 41. a4 g4 42. Rd1 Rhh3 43. Bf1 Reg3+ 44. Kf2 Rh2+ 45. Ke1 Re3+ 0-1


[Site "https://www.chess.com"]

[Event "Titled Tuesday Blitz May 16 Late 2023"]
[White "Vifleemskaia, Svetlana"]
[Black "KSho99"]
[WhiteFideId "4129490"]
[WhiteElo "1930"]
[BlackElo "2158"]
[Result "1-0"]
[Round "09"]
[TimeControl "180+2"]
[Date "2023.05.16"]
[WhiteClock "0:02:00"]
[BlackClock "0:01:51"]

1. d4 b6 2. c4 Bb7 3. Nc3 e6 4. a3 g6 5. e4 Bg7 6. d5 e5 7. h4 h5 8. Bg5 f6 9. Be3 d6 10. b4 Nd7 11. Bd3 Ne7 12. Nge2 f5 13. Bg5 Nf6 14. f3 Kf7 15. O-O Bh6 16. f4 Bxg5 17. fxg5 Ng4 18. exf5 gxf5 19. Bxf5 Nxf5 20. Rxf5+ Kg7 21. Qd3 Bc8 22. Ng3 Bxf5 23. Nxf5+ Kf8 24. Rf1 Ke8 25. Ng7+ Kd7 26. Qf5+ Ke7 27. Qf7# 1-0


[Site "https://www.chess.com"]